[Event "Titled Tuesday Blitz March 21 Late 2023"]
[White "Perez Rodriguez, Jennifer"]
[Black "Di Berardino, Diego Rafael"]
[WhiteFideId "3507831"]
[BlackFideId "2105446"]
[WhiteElo "2170"]
[BlackElo "2432"]
[Result "0-1"]
[Round "06"]
[TimeControl "180+2"]
[Date "2023.03.21"]
[WhiteClock "0:00:53"]
[BlackClock "0:00:05"]

1. e4 Nf6 2. Nc3 d5 3. exd5 Nxd5 4. Nxd5 Qxd5 5. d4 Nc6 6. Nf3 Bg4 7. Be2 O-O-O 8. O-O e6 9. Be3 Bd6 10. c4 Qh5 11. h3 Bxh3 12. gxh3 Qxh3 13. c5 Bxc5 14. Ng5 Qh4 15. Nxf7 Nxd4 16. Bg5 Nxe2+ 17. Qxe2 Qg3+ 18. Kh1 Qh3+ 19. Kg1 Rd4 20. Ne5 Bd6 21. f4 Bc5 22. Rf2 Rd5 23. Qf3 Bxf2+ 24. Qxf2 h6 25. Be7 b6 26. Rc1 c5 27. Bh4 g5 28. Bg3 gxf4 29. Qxf4 Rg8 30. Rc3 Rd1+ 31. Kf2 Rf1+ 32. Ke3 Rxf4 33. Kxf4 Qf1+ 34. Rf3 Qc1+ 35. Re3 Qxb2 36. Kf3 Qc1 37. Nd3 Rxg3+ 38. Kxg3 Qxe3+ 39. Kg2 Qxd3 40. Kf2 c4 41. Ke1 c3 0-1


[Site "https://www.chess.com"]

[Event "Titled Tuesday Blitz March 21 Late 2023"]
[White "Filgueira, Hernan"]
[Black "Melikhov, Evgeny V."]
[WhiteFideId "101770"]
[BlackFideId "4122046"]
[WhiteElo "2363"]
[BlackElo "2158"]
[Result "1-0"]
[Round "06"]
[TimeControl "180+2"]
[Date "2023.03.21"]
[WhiteClock "0:01:15"]
[BlackClock "0:00:11"]

1. c4 e5 2. Nc3 d6 3. Nf3 f5 4. d4 e4 5. Ng5 Nf6 6. g3 Be7 7. Bg2 O-O 8. Nh3 a5 9. Nf4 c6 10. h4 Na6 11. O-O Nc7 12. d5 Bd7 13. f3 exf3 14. Bxf3 c5 15. a4 Qe8 16. Re1 Ne4 17. Nxe4 fxe4 18. Bxe4 Bxh4 19. Qd3 Rxf4 20. Bxf4 Qh5 21. Bf3 Qf7 22. Rf1 Bf6 23. Bxd6 Bh3 24. Rf2 Re8 25. Bxc5 Bxb2 26. Rb1 Bf5 27. e4 Qg6 28. exf5 Qxg3+ 29. Rg2 Re1+ 30. Rxe1 Qxe1+ 31. Qf1 Qe5 32. Re2 Qg3+ 33. Qg2 1-0


[Site "https://www.chess.com"]

[Event "Titled Tuesday Blitz March 21 Late 2023"]
[White "Drori, Saar"]
[Black "Guzman Moneo, Alberto"]
[WhiteFideId "2812444"]
[BlackFideId "2209616"]
[WhiteElo "2322"]
[BlackElo "2157"]
[Result "1-0"]
[Round "06"]
[TimeControl "180+2"]
[Date "2023.03.21"]
[WhiteClock "0:00:27"]
[BlackClock "0:00:07"]

1. e4 c5 2. Nc3 g6 3. g3 Nc6 4. Bg2 Rb8 5. d3 b5 6. Be3 b4 7. Nce2 d6 8. Qd2 Bg7 9. c3 a5 10. f4 a4 11. Nf3 a3 12. bxa3 bxc3 13. Nxc3 Qa5 14. Rc1 Qxa3 15. O-O Rb2 16. Qe1 Ba6 17. Rf2 Bxd3 18. e5 dxe5 19. Nxe5 Nxe5 20. fxe5 Rxf2 21. Bxf2 Bxe5 22. Nd5 c4 23. Nb6 Nf6 24. Nxc4 Bxc4 25. Rxc4 Nh5 26. Qxe5 1-0


[Site "https://www.chess.com"]

[Event "Titled Tuesday Blitz March 21 Late 2023"]
[White "Romero Ruscalleda, Josep"]
[Black "Rastbod, Ali"]
[WhiteFideId "2231859"]
[BlackFideId "12567477"]
[WhiteElo "2183"]
[BlackElo "2211"]
[Result "0-1"]
[Round "06"]
[TimeControl "180+2"]
[Date "2023.03.21"]
[WhiteClock "0:00:24"]
[BlackClock "0:00:33"]

1. e4 Nc6 2. d4 d5 3. exd5 Qxd5 4. Nf3 Bg4 5. Be2 e5 6. c4 Bb4+ 7. Nc3 Qa5 8. d5 Bxf3 9. Bxf3 Nd4 10. Bd2 Qa6 11. Be2 Nf6 12. O-O O-O 13. Re1 Rfe8 14. Bf1 Rad8 15. a3 Bxc3 16. Bxc3 c5 17. b4 b6 18. Bd3 Qc8 19. Rc1 h6 20. Bb1 Nd7 21. h3 cxb4 22. axb4 Qxc4 23. Rxe5 Nxe5 24. Bxd4 Qxd5 25. Qc2 Qxd4 26. Qh7+ Kf8 27. Rc7 Qd1+ 28. Kh2 Nf3+ 29. gxf3 Qd6+ 30. Kg2 Qxc7 0-1


[Site "https://www.chess.com"]

[Event "Titled Tuesday Blitz March 21 Late 2023"]
[White "Stachanczyk, Jacek"]
[Black "Domingo Nunez, Alejandro"]
[WhiteFideId "1116657"]
[BlackFideId "22245561"]
[WhiteElo "2084"]
[BlackElo "2230"]
[Result "0-1"]
[Round "06"]
[TimeControl "180+2"]
[Date "2023.03.21"]
[WhiteClock "0:00:20"]
[BlackClock "0:00:19"]

1. e4 g6 2. d4 Bg7 3. Nc3 c6 4. f4 d5 5. e5 f6 6. Nf3 Nh6 7. h3 O-O 8. Bd3 Nf5 9. Ne2 fxe5 10. fxe5 c5 11. c3 cxd4 12. cxd4 Nc6 13. g4 Ne3 14. Bxe3 Rxf3 15. Qd2 Qb6 16. Rf1 Nxe5 17. dxe5 Rxe3 18. O-O-O Bxe5 19. Nc3 Be6 20. Kb1 d4 21. Na4 Qc6 22. b3 Bd5 23. Nb2 b5 24. Qb4 a6 25. Qxe7 Bg7 26. Rc1 Rxe7 0-1


[Site "https://www.chess.com"]

[Event "Titled Tuesday Blitz March 21 Late 2023"]
[White "Wang, Alexander J"]
[Black "Kretchetov, Alexandre"]
[WhiteFideId "30955270"]
[BlackFideId "4124588"]
[WhiteElo "2274"]
[BlackElo "2526"]
[Result "1/2-1/2"]
[Round "06"]
[TimeControl "180+2"]
[Date "2023.03.21"]
[WhiteClock "0:00:15"]
[BlackClock "0:00:32"]

1. e4 e5 2. Nf3 Nc6 3. Bb5 g6 4. Nc3 Bg7 5. d3 Nge7 6. Bg5 h6 7. Be3 d5 8. d4 exd4 9. Bxd4 Bxd4 10. Nxd4 O-O 11. exd5 Nxd5 12. Nxc6 Qe8+ 13. Qe2 bxc6 14. Nxd5 Qxe2+ 15. Kxe2 cxd5 16. Bc6 Rb8 17. b3 Be6 18. Rad1 Rfd8 19. Kf1 Rd6 20. Ba4 c5 21. f3 Kf8 22. Kf2 Ke7 23. Rhe1 h5 24. h3 h4 25. Re3 Kf6 26. Red3 Rbb6 27. Re1 a5 28. c3 Bf5 29. Rde3 Be6 30. f4 Rb8 31. Re5 Rbd8 32. Rd1 Rc8 33. Bb5 Rb8 34. Be2 Ra8 35. Bf3 Rad8 36. Rd2 Kg7 37. Re3 Kf6 38. Re5 R8d7 39. Re3 Rd8 40. Re5 1/2-1/2


[Site "https://www.chess.com"]

[Event "Titled Tuesday Blitz March 21 Late 2023"]
[White "Forgacs, Attila Jr."]
[Black "Jaferian, Koosha"]
[WhiteFideId "773654"]
[BlackFideId "12507440"]
[WhiteElo "2168"]
[BlackElo "2107"]
[Result "0-1"]
[Round "06"]
[TimeControl "180+2"]
[Date "2023.03.21"]
[WhiteClock "0:00:01"]
[BlackClock "0:00:43"]

1. e4 e6 2. d4 d5 3. Nc3 Nf6 4. e5 Nfd7 5. f4 c5 6. Nf3 Nc6 7. Be3 a6 8. Qd2 b5 9. Nd1 Qb6 10. c3 c4 11. Be2 b4 12. O-O g6 13. h3 a5 14. Bf2 Be7 15. Kh1 Ba6 16. g4 O-O-O 17. Ne3 h5 18. g5 Kb7 19. h4 Ka7 20. Rfb1 Rb8 21. Qc2 Rb7 22. a3 bxa3 23. bxa3 Qc7 24. Rxb7+ Qxb7 25. Rb1 Qc7 26. a4 Rb8 27. Nd2 Rxb1+ 28. Qxb1 Nb6 29. Qa2 Bc8 30. Nexc4 dxc4 31. Nxc4 Nd5 32. Qb3 Qb7 33. Qb5 Bd8 34. Bf3 Qxb5 35. axb5 Nce7 36. Nd6 a4 37. Bd1 Nxc3 38. d5+ Bb6 39. Bxb6+ Kxb6 40. Bc2 a3 41. Bb3 Nexd5 0-1


[Site "https://www.chess.com"]

[Event "Titled Tuesday Blitz March 21 Late 2023"]
[White "Bitoon, Richard"]
[Black "marik_spb"]
[WhiteFideId "5201110"]
[WhiteElo "2374"]
[BlackElo "2419"]
[Result "1-0"]
[Round "06"]
[TimeControl "180+2"]
[Date "2023.03.21"]
[WhiteClock "0:00:15"]
[BlackClock "0:00:02"]

1. e4 c6 2. d4 d5 3. Nc3 dxe4 4. Nxe4 Nf6 5. Nxf6+ exf6 6. c3 Bd6 7. Bd3 Na6 8. Qc2 Nc7 9. Ne2 h5 10. Bf5 Bxf5 11. Qxf5 g6 12. Qh3 Qe7 13. Bd2 Kf8 14. Qe3 Qe6 15. O-O Re8 16. Qxe6 fxe6 17. c4 Kf7 18. Bc3 e5 19. dxe5 Bxe5 20. Bxe5 Rxe5 21. Nc3 Rhe8 22. Rad1 R8e7 23. f3 Ne6 24. Ne4 Nf4 25. Nd6+ Kg7 26. g3 Nh3+ 27. Kg2 Ng5 28. Nc8 Re2+ 29. Rf2 Rxf2+ 30. Kxf2 Rc7 31. Rd8 Nf7 32. Re8 Ne5 33. b3 Rd7 34. Nxa7 Kf7 35. Rb8 Nd3+ 36. Kf1 Nc1 37. Nc8 Nxa2 38. Rxb7 Rxb7 39. Nd6+ Ke6 40. Nxb7 Ke5 41. Na5 c5 42. Ke2 Nb4 43. Nb7 Kd4 44. Kd2 Nd3 45. Nd8 Nb4 46. Ne6+ Ke5 47. Nxc5 Nc6 48. Ke3 Kd6 49. Ne4+ Ke6 50. Nc5+ Kd6 51. Nd3 f5 52. b4 Ke6 53. b5 Na5 54. Nf4+ Kf6 55. c5 Nc4+ 56. Kd4 Ne5 57. Nd5+ Ke6 58. Nc7+ Kf6 59. f4 Nf3+ 60. Kd5 g5 61. b6 h4 62. fxg5+ Kxg5 63. Ne6+ Kf6 64. b7 Nxh2 65. b8=Q hxg3 66. Qh8+ Kf7 67. Qg7+ Ke8 68. Qf8+ Kd7 69. Qd8# 1-0


[Site "https://www.chess.com"]

[Event "Titled Tuesday Blitz March 21 Late 2023"]
[White "Sai Krishna G V"]
[Black "Castellanos Gomez, Alejandro"]
[WhiteFideId "5028280"]
[BlackFideId "22284141"]
[WhiteElo "2359"]
[BlackElo "2158"]
[Result "1-0"]
[Round "06"]
[TimeControl "180+2"]
[Date "2023.03.21"]
[WhiteClock "0:01:06"]
[BlackClock "0:00:01"]

1. d4 d5 2. Nf3 Nf6 3. Bf4 e6 4. e3 Bd6 5. Bd3 O-O 6. Nbd2 c5 7. c3 Nc6 8. Bg3 b6 9. Ne5 Bb7 10. f4 Ne7 11. O-O Nf5 12. Bf2 Be7 13. g4 Nd6 14. g5 Nfe4 15. Nxe4 dxe4 16. Bc2 f6 17. gxf6 gxf6 18. Ng4 Qe8 19. Kh1 Kh8 20. Rg1 Rd8 21. Nh6 cxd4 22. cxd4 e5 23. Qg4 Qg6 24. Qh3 Bc8 25. f5 Bxf5 26. Qh4 Qe8 27. Nxf5 Nxf5 28. Qxe4 exd4 29. Qxf5 Rf7 30. exd4 Bd6 31. Bb3 Rg7 32. Rxg7 Qe2 33. Qxh7# 1-0


[Site "https://www.chess.com"]

[Event "Titled Tuesday Blitz March 21 Late 2023"]
[White "Rottenwohrer Suarez, Juan"]
[Black "Panesso Rivera, Henry"]
[WhiteFideId "32068182"]
[BlackFideId "4402707"]
[WhiteElo "2174"]
[BlackElo "2345"]
[Result "1-0"]
[Round "06"]
[TimeControl "180+2"]
[Date "2023.03.21"]
[WhiteClock "0:00:07"]
[BlackClock "0:00:08"]

1. c4 e5 2. g3 Nf6 3. Bg2 c6 4. d4 exd4 5. Qxd4 Na6 6. Nf3 Bc5 7. Qe5+ Be7 8. O-O O-O 9. Rd1 Re8 10. Qc3 Ne4 11. Qc2 Bf6 12. a3 Qb6 13. e3 Nac5 14. Nbd2 d5 15. cxd5 Bf5 16. Nd4 Bxd4 17. exd4 Nxf2 18. Qxf5 Nxd1 19. Nc4 Re1+ 20. Bf1 Qb3 21. Bd2 Qxc4 22. Bxe1 Qxd4+ 23. Bf2 Nxf2 24. Qxf2 Qxf2+ 25. Kxf2 cxd5 26. Rd1 Ne4+ 27. Ke3 Nf6 28. Bg2 Rd8 29. Kd4 Kf8 30. Rc1 Rd7 31. Rc8+ Ke7 32. b4 a6 33. a4 h5 34. h3 g5 35. b5 axb5 36. axb5 Kd6 37. Rc5 g4 38. h4 Ke7 39. b6 Rd6 40. Rc7+ Nd7 41. Bxd5 Rxb6 42. Bxb7 Rd6+ 43. Ke4 Kd8 44. Rc8+ Ke7 45. Kf5 Rf6+ 46. Kg5 Rb6 47. Rc7 Rb5+ 48. Kh6 Kd6 49. Rc6+ Ke7 50. Rc7 Rb6+ 51. Bc6 Kd6 52. Rxd7+ Kxc6 53. Rxf7 Kd5+ 54. Kxh5 Rb3 55. Kxg4 Ke6 56. Rf4 Rb8 57. h5 Rg8+ 58. Kh4 Ra8 59. g4 Ra1 60. Rf5 Rh1+ 61. Kg5 Rg1 62. h6 Ke7 63. Rf4 Rh1 64. Kg6 Ra1 65. g5 Ra6+ 66. Kg7 Ra5 67. g6 Ke6 68. Rf7 Ra1 69. h7 1-0


[Site "https://www.chess.com"]

[Event "Titled Tuesday Blitz March 21 Late 2023"]
[White "Toniutti, Ezio"]
[Black "Kovalevsky, Stanislav"]
[WhiteFideId "113034"]
[BlackFideId "13508598"]
[WhiteElo "2215"]
[BlackElo "2174"]
[Result "0-1"]
[Round "06"]
[TimeControl "180+2"]
[Date "2023.03.21"]
[WhiteClock "0:00:05"]
[BlackClock "0:00:07"]

1. d4 d5 2. c4 c6 3. Nc3 Nf6 4. e3 e6 5. Nf3 Nbd7 6. Bd3 Bd6 7. e4 dxe4 8. Nxe4 Nxe4 9. Bxe4 f5 10. Bc2 O-O 11. O-O e5 12. c5 Bc7 13. dxe5 Nxe5 14. Re1 Qxd1 15. Bxd1 Nd3 16. Re2 Nxc5 17. Be3 Ne4 18. Nd4 Bd7 19. Bb3+ Kh8 20. Rd1 Rad8 21. f3 Nf6 22. Red2 Bc8 23. Bg5 h6 24. Bh4 Bb6 25. Kf1 g5 26. Bg3 Nd5 27. Be5+ Kh7 28. Nc2 Be6 29. Bg3 Ne3+ 30. Nxe3 Bxb3 31. Rxd8 Rxd8 32. Rxd8 Bxd8 33. axb3 f4 34. Bf2 fxe3 35. Bxe3 a6 36. Ke2 Bf6 37. Bc1 Kg6 38. Kd3 Kf5 39. g3 Ke6 40. b4 b5 41. b3 Kd5 42. f4 g4 43. Be3 h5 44. Bd2 Bd4 45. Bc3 Bg1 46. f5 Bxh2 47. f6 Ke6 48. Be1 h4 49. gxh4 g3 50. Kd4 g2 51. Bf2 g1=Q 52. Bxg1 Bxg1+ 53. Ke4 Kxf6 54. h5 Bh2 55. Kd4 Bd6 56. Ke4 Bxb4 0-1


[Site "https://www.chess.com"]

[Event "Titled Tuesday Blitz March 21 Late 2023"]
[White "Szente Varga, Fruzsina"]
[Black "Alex_Sahakyan2006"]
[WhiteFideId "712264"]
[WhiteElo "1994"]
[BlackElo "2612"]
[Result "1-0"]
[Round "06"]
[TimeControl "180+2"]
[Date "2023.03.21"]
[WhiteClock "0:00:23"]
[BlackClock "0:00:21"]

1. e4 e5 2. Nf3 d6 3. Bc4 Nf6 4. Nc3 Be7 5. O-O O-O 6. d4 Nbd7 7. Bg5 c6 8. dxe5 Nxe5 9. Nxe5 dxe5 10. Bd3 Be6 11. Qe2 h6 12. Bh4 Qc7 13. Rad1 Rfd8 14. Bg3 Qa5 15. Kh1 Bg4 16. f3 Be6 17. Bc4 Bxc4 18. Qxc4 Nh5 19. Bf2 Nf4 20. g3 Ne6 21. Kg2 Qb4 22. Qxb4 Bxb4 23. Ne2 a5 24. c3 Bc5 25. f4 Bxf2 26. Kxf2 Nc5 27. Ke3 Re8 28. f5 Red8 29. Nc1 Na4 30. Nd3 f6 31. Rc1 Nb6 32. b3 a4 33. Nc5 axb3 34. axb3 Ra2 35. Rfd1 Rxd1 36. Rxd1 Rc2 37. Kd3 Rxh2 38. Nxb7 Rg2 39. Nd8 Rxg3+ 40. Kc2 c5 41. Ne6 Rg2+ 42. Kd3 c4+ 43. bxc4 Na4 44. Ra1 Nb2+ 45. Ke3 Nxc4+ 46. Kf3 Rc2 47. Ra8+ Kf7 48. Ra7+ Ke8 49. Nxg7+ Kd8 50. Ne6+ Kc8 51. Rc7+ Kb8 52. Rxc4 h5 53. Ng7 h4 54. Kg4 Rg2+ 55. Kxh4 Rxg7 56. Rc6 Kb7 57. Rxf6 Rc7 58. Re6 Rxc3 59. Rxe5 Kc6 60. Kg4 Kd6 61. Re6+ Kd7 62. Kf4 Rc1 63. Ke5 Rc5+ 64. Kf6 Ra5 65. e5 1-0


[Site "https://www.chess.com"]

[Event "Titled Tuesday Blitz March 21 Late 2023"]
[White "Rios Escobar, Adan"]
[Black "Pinheiro, Iung Alicio de O."]
[WhiteFideId "3403645"]
[BlackFideId "2104350"]
[WhiteElo "2403"]
[BlackElo "2283"]
[Result "1-0"]
[Round "06"]
[TimeControl "180+2"]
[Date "2023.03.21"]
[WhiteClock "0:00:11"]
[BlackClock "0:00:06"]

1. d4 Nf6 2. g3 g6 3. Bg2 d5 4. c4 dxc4 5. Nf3 Bg7 6. O-O O-O 7. Na3 c3 8. bxc3 c5 9. Nc4 Nc6 10. Bb2 Bf5 11. Qb3 Be4 12. Rfd1 Qd5 13. dxc5 Qxc5 14. Ba3 Qh5 15. Ncd2 Bd5 16. c4 Be6 17. Qxb7 Rfc8 18. Qb5 Na5 19. Bxe7 Nxc4 20. Qxh5 Nxh5 21. Rac1 Nb2 22. Re1 Bxa2 23. Ne4 Rab8 24. Nd6 Rxc1 25. Rxc1 Be6 26. Ng5 Bd7 27. Ngxf7 a5 28. Bd5 Nf6 29. Ba2 a4 30. Ne5+ Kh8 31. Ndf7+ Kg8 32. Nh6+ Kh8 33. Nef7# 1-0


[Site "https://www.chess.com"]

[Event "Titled Tuesday Blitz March 21 Late 2023"]
[White "Meunier-Pion, Jean"]
[Black "Poliakova, Varvara"]
[WhiteFideId "20685327"]
[BlackFideId "13518313"]
[WhiteElo "2124"]
[BlackElo "2075"]
[Result "0-1"]
[Round "06"]
[TimeControl "180+2"]
[Date "2023.03.21"]
[WhiteClock "0:00:01"]
[BlackClock "0:00:12"]

1. e4 e5 2. Nf3 Nc6 3. Bb5 a6 4. Ba4 Nf6 5. d3 d6 6. c3 g6 7. O-O Bg7 8. Nbd2 O-O 9. Re1 Nh5 10. Nf1 f5 11. exf5 Bxf5 12. Bb3+ Kh8 13. Ng3 Nxg3 14. hxg3 Bg4 15. Re4 Qd7 16. Bg5 Rae8 17. Qd2 Bxf3 18. gxf3 Rxf3 19. Kg2 Ref8 20. Rh1 Rxf2+ 21. Qxf2 Rxf2+ 22. Kxf2 Qf5+ 23. Bf4 exf4 24. Re8+ Bf8 25. g4 Qf6 26. g5 Qg7 27. d4 Ne7 28. Rh4 Nf5 29. Rxf4 c6 30. Be6 d5 31. Kf3 h6 32. gxh6 Qxh6 33. Bxf5 Qh1+ 34. Kf2 Kg7 35. Be6 Qh2+ 36. Kf3 Qh5+ 37. Kf2 Qh2+ 38. Kf3 Qxb2 39. Rexf8 Qxc3+ 40. Kg4 g5 41. R4f7+ Kh6 42. Rh8+ Kg6 43. Rg8+ Kh6 44. Rh8+ Kg6 45. Rg8+ Kh6 46. Rgf8 Qxd4+ 0-1


[Site "https://www.chess.com"]

[Event "Titled Tuesday Blitz March 21 Late 2023"]
[White "Koellner, Ruben Gideon"]
[Black "liwadas82"]
[WhiteFideId "12993093"]
[WhiteElo "2303"]
[BlackElo "2399"]
[Result "0-1"]
[Round "06"]
[TimeControl "180+2"]
[Date "2023.03.21"]
[WhiteClock "0:01:42"]
[BlackClock "0:00:47"]

1. d4 Nf6 2. Nf3 e6 3. Nbd2 b6 4. e4 d5 5. e5 Nfd7 6. Bd3 Ba6 7. Bxa6 Nxa6 8. O-O Be7 9. c3 O-O 10. Re1 c5 11. Nf1 Nab8 12. Bf4 Nc6 13. h4 Rc8 14. h5 a5 15. h6 g6 16. Ne3 b5 17. Qd2 b4 18. Ng4 bxc3 19. bxc3 cxd4 20. cxd4 Bb4 21. Qe3 Bxe1 22. Rxe1 Nb4 23. Bg5 Qc7 24. Be7 Nc2 25. Qf4 Nxe1 26. Nf6+ Nxf6 27. Qxf6 Nxf3+ 28. gxf3 Qc1+ 29. Kg2 Qxh6 30. Bd6 Rfe8 31. f4 Rc3 32. f3 Rc2+ 33. Kg3 Qh2+ 34. Kg4 Rg2# 0-1


[Site "https://www.chess.com"]

[Event "Titled Tuesday Blitz March 21 Late 2023"]
[White "Mortazavi, Ali"]
[Black "Beulen, Marcel"]
[WhiteFideId "401323"]
[BlackFideId "1001450"]
[WhiteElo "2339"]
[BlackElo "2399"]
[Result "1-0"]
[Round "06"]
[TimeControl "180+2"]
[Date "2023.03.21"]
[WhiteClock "0:00:31"]
[BlackClock "0:01:12"]

1. e4 d5 2. Nc3 dxe4 3. f3 exf3 4. Nxf3 Nf6 5. Bc4 e6 6. d4 Be7 7. O-O O-O 8. Kh1 c5 9. Be3 cxd4 10. Nxd4 Nc6 11. Nxc6 bxc6 12. Qf3 Nd5 13. Rad1 Qc7 14. Bd4 Bb7 15. Rde1 c5 16. Be5 Bd6 17. Nb5 Bxe5 18. Nxc7 Bxc7 19. Bd3 Rab8 20. Qh3 g6 21. Bc4 Nf4 22. Rxf4 Bxf4 23. Qg4 Bh6 24. h4 Bg7 25. h5 Rfd8 26. hxg6 hxg6 27. Bd3 Rd4 28. Qg3 Rbd8 29. b3 e5 30. Bc4 Rd2 31. Qxg6 Rxg2 32. Qxf7+ Kh7 33. Qxb7 Rdd2 34. Qxg2 Rxg2 35. Kxg2 1-0


[Site "https://www.chess.com"]

[Event "Titled Tuesday Blitz March 21 Late 2023"]
[White "Toktomushev, Teimur"]
[Black "Vovk, Orest"]
[WhiteFideId "14176726"]
[BlackFideId "14113490"]
[WhiteElo "2116"]
[BlackElo "2215"]
[Result "1/2-1/2"]
[Round "06"]
[TimeControl "180+2"]
[Date "2023.03.21"]
[WhiteClock "0:00:05"]
[BlackClock "0:00:05"]

1. d4 h6 2. e4 g5 3. Bd3 Bg7 4. c3 d5 5. e5 c5 6. dxc5 Bxe5 7. Nf3 Bg4 8. h3 Bxf3 9. Qxf3 Nf6 10. Be3 Nc6 11. Nd2 Qc7 12. Rc1 O-O-O 13. O-O e6 14. b4 Bf4 15. Nb3 Ne5 16. Qe2 Nxd3 17. Qxd3 Ne4 18. Nd4 Bxe3 19. Qxe3 a6 20. c4 Qf4 21. cxd5 Rxd5 22. c6 Nd2 23. cxb7+ Kxb7 24. Rfd1 Qxe3 25. fxe3 Ne4 26. Nb3 Rxd1+ 27. Rxd1 Nf6 28. Rf1 Nd5 29. Rxf7+ Kb6 30. Nd4 Nxb4 31. Nxe6 Nxa2 32. Nd4 a5 33. e4 Re8 34. Rf6+ Kc5 35. Ne6+ Kb4 36. Nc7 Rxe4 37. Rxh6 Nc3 38. Rb6+ Kc5 39. Rg6 Re1+ 40. Kh2 Re5 41. Ne6+ Kb4 42. Nxg5 a4 43. Nf3 Ra5 44. Nd4 Ra8 45. Nc6+ Kb3 46. Nd4+ Kc4 47. Nc2 Nd5 48. Rc6+ Kb3 49. Nd4+ Kb2 50. Rc5 Nc3 51. Rc7 a3 52. Rb7+ Kc1 53. Nb3+ Kc2 54. Na1+ Kd3 55. Nb3 a2 56. Rd7+ Kc2 57. Rb7 Ra3 58. Na1+ Kc1 59. h4 Ne2 60. h5 Ra5 61. g4 Nd4 62. h6 Nf3+ 63. Kg3 Ng5 64. h7 Nxh7 65. Rxh7 Kb2 66. Rh1 Rc5 67. Kh4 Rc1 68. Rh2+ Ka3 69. g5 Rxa1 70. Rxa2+ Kxa2 71. Kh5 Rg1 72. g6 Kb3 73. Kh6 Kc4 74. g7 Kd5 75. Kh7 Ke6 76. g8=Q+ Rxg8 77. Kxg8 1/2-1/2


[Site "https://www.chess.com"]

[Event "Titled Tuesday Blitz March 21 Late 2023"]
[White "Yelisieiev, Yevhenii"]
[Black "Krzywda, Andrzej"]
[WhiteFideId "14139642"]
[BlackFideId "1114565"]
[WhiteElo "2447"]
[BlackElo "2155"]
[Result "1-0"]
[Round "06"]
[TimeControl "180+2"]
[Date "2023.03.21"]
[WhiteClock "0:00:09"]
[BlackClock "0:00:11"]

1. Nf3 Nf6 2. b3 e6 3. Bb2 d5 4. e3 Be7 5. c4 O-O 6. Nc3 c5 7. cxd5 exd5 8. d4 Nc6 9. Be2 cxd4 10. Nxd4 Nxd4 11. Qxd4 Be6 12. O-O Qb6 13. Qxb6 axb6 14. Na4 Rac8 15. Rac1 Nd7 16. Bb5 Bc5 17. a3 Rc7 18. b4 Bd6 19. Bxd7 Bxd7 20. Nxb6 Rxc1 21. Rxc1 Be6 22. f3 Rd8 23. Kf2 f6 24. g3 Kf7 25. Rd1 Bc7 26. Na4 h5 27. Nc5 Bc8 28. a4 Bb6 29. Nb3 Be6 30. a5 Ba7 31. Bd4 Bb8 32. b5 Rc8 33. Nc5 Bf5 34. Nxb7 Rc2+ 35. Kg1 h4 36. f4 Be4 37. gxh4 Rg2+ 38. Kf1 Rxh2 39. Ra1 Rh1+ 40. Kf2 Rh2+ 41. Ke1 Bd3 42. a6 Bxb5 43. a7 Bxa7 44. Rxa7 Kg6 45. Nd6 Bd3 46. Ne8 Kf5 47. Rxg7 Ke4 48. Rg1 Re2+ 49. Kd1 Ra2 50. Nxf6+ Kf3 51. Ng4 Ra4 52. Ne5+ Ke4 53. Nxd3 Kxd3 54. Kc1 Rb4 55. h5 Rc4+ 56. Kb2 Rb4+ 57. Ka3 Rb7 58. h6 Kc4 59. Rg7 Rb8 60. h7 Rb3+ 61. Ka2 Rb8 62. Rg8 Rxg8 63. hxg8=Q Kd3 64. Qxd5 Kc2 65. f5 Kc1 66. f6 Kc2 67. f7 Kc1 68. f8=Q Kc2 69. e4 Kc1 70. e5 Kc2 71. Qff3 Kc1 72. Qc5+ Kd2 73. Qcc3# 1-0


[Site "https://www.chess.com"]

[Event "Titled Tuesday Blitz March 21 Late 2023"]
[White "Omelja, Artem"]
[Black "Hindermann, Felix"]
[WhiteFideId "14119846"]
[BlackFideId "1305212"]
[WhiteElo "2404"]
[BlackElo "2206"]
[Result "0-1"]
[Round "06"]
[TimeControl "180+2"]
[Date "2023.03.21"]
[WhiteClock "0:00:05"]
[BlackClock "0:00:14"]

1. e4 e6 2. d3 d5 3. Nd2 Nc6 4. Ngf3 Nf6 5. c3 a5 6. a4 dxe4 7. dxe4 e5 8. Bc4 Bc5 9. O-O O-O 10. Qc2 Qe7 11. h3 Be6 12. b3 Rad8 13. Re1 Nh5 14. Bxe6 fxe6 15. Nf1 Rxf3 16. gxf3 Qh4 17. Kg2 Rf8 18. Ng3 Ne7 19. Nxh5 Qxh5 20. Qe2 Ng6 21. f4 Nh4+ 22. Kg3 Qg6+ 23. Qg4 exf4+ 24. Bxf4 e5 25. Qxg6 Bxf2+ 26. Kxf2 Rxf4+ 27. Ke3 Rf3+ 28. Kd2 Nxg6 29. Re3 Rf2+ 30. Re2 Rf3 31. Kc2 Nf4 32. Rd2 Nxh3 33. Rad1 h5 34. Rd8+ Kh7 35. R1d7 Nf4 36. Rxc7 h4 37. Rdd7 Rg3 38. Rd8 h3 39. Rcc8 Ng6 40. Rd2 Rg2 41. Rd8 Nf4 42. Rxg2 hxg2 43. Rd1 Ne2 44. b4 g1=Q 45. Rxg1 Nxg1 46. bxa5 Nf3 47. Kd3 g5 48. c4 Kg6 49. c5 Nd4 50. Kc4 g4 51. c6 Nxc6 52. Kb5 Nxa5 53. Kxa5 g3 54. Kb6 g2 55. Kxb7 g1=Q 56. a5 Qb1+ 57. Ka7 Qxe4 58. a6 Qd4+ 59. Kb7 Qb4+ 60. Ka7 Qb5 0-1


[Site "https://www.chess.com"]

[Event "Titled Tuesday Blitz March 21 Late 2023"]
[White "Papayan, Oleg"]
[Black "Wizard_of_Odds"]
[WhiteFideId "4193911"]
[WhiteElo "2153"]
[BlackElo "2354"]
[Result "1-0"]
[Round "06"]
[TimeControl "180+2"]
[Date "2023.03.21"]
[WhiteClock "0:00:10"]
[BlackClock "0:00:06"]

1. e4 c5 2. Nf3 d6 3. d4 cxd4 4. Qxd4 Nc6 5. Bb5 e5 6. Qd3 Be7 7. Nc3 Nf6 8. Bg5 Nd7 9. Bxe7 Qxe7 10. O-O-O Nb6 11. Qxd6 Bd7 12. Bxc6 Bxc6 13. Qxe7+ Kxe7 14. Nxe5 f6 15. Nxc6+ bxc6 16. Rd4 Rhd8 17. Rhd1 Rxd4 18. Rxd4 h5 19. a4 g5 20. a5 Nd7 21. Nd1 c5 22. Rd5 Rb8 23. Ne3 Rb5 24. Nf5+ Kd8 25. Nd6 Rb4 26. b3 Kc7 27. f3 Rb8 28. Nc4 h4 29. Kd2 Re8 30. Ke3 Rf8 31. e5 Re8 32. f4 gxf4+ 33. Kxf4 fxe5+ 34. Nxe5 Rf8+ 35. Ke3 Re8 36. Rxd7+ Kc8 37. Ke4 h3 38. gxh3 a6 39. Ra7 Kb8 40. Rxa6 Kb7 41. Rb6+ Ka8 42. c4 Ka7 43. Kd5 Rd8+ 44. Kxc5 Rc8+ 45. Nc6+ Ka8 46. Rb8+ Rxb8 47. Nxb8 Ka7 48. h4 Kb7 49. h5 Ka7 50. h6 Kb7 51. h7 Ka8 52. h8=Q Kb7 53. Qg7+ Ka8 54. Kb6 Kxb8 55. Qb7# 1-0


[Site "https://www.chess.com"]

[Event "Titled Tuesday Blitz March 21 Late 2023"]
[White "Romkachess"]
[Black "Abduzhaparov"]
[WhiteElo "2515"]
[BlackElo "2353"]
[Result "0-1"]
[Round "06"]
[TimeControl "180+2"]
[Date "2023.03.21"]
[WhiteClock "0:00:01"]
[BlackClock "0:00:17"]

1. e4 d6 2. d4 Nf6 3. Nc3 e5 4. Nf3 Nbd7 5. g4 g6 6. Rg1 c6 7. Be3 Be7 8. Qd2 b5 9. a3 Bb7 10. g5 Nh5 11. dxe5 Nxe5 12. Be2 Nc4 13. Bxc4 bxc4 14. Qd4 O-O 15. O-O-O d5 16. exd5 cxd5 17. Nxd5 Bxd5 18. Qxd5 Qc8 19. Bd4 Rd8 20. Qe5 Rxd4 21. Rxd4 Bf8 22. Qe4 c3 23. Rc4 cxb2+ 24. Kb1 Qd8 25. Qd3 Qa5 26. Qb3 Qf5 27. Re1 Rd8 28. Kxb2 Nf4 29. Ree4 Nd5 30. Ka2 Nb6 31. Rcd4 Rc8 32. Re2 Bg7 33. Qd3 Qa5 34. Rd8+ Rxd8 35. Qxd8+ Bf8 36. Re8 Qxa3+ 37. Kb1 Nc4 38. Qb8 Qc5 39. Qb3 a5 0-1


[Site "https://www.chess.com"]

[Event "Titled Tuesday Blitz March 21 Late 2023"]
[White "Kostiukov, Alexandr"]
[Black "Miszler, Levente"]
[WhiteFideId "14108100"]
[BlackFideId "763276"]
[WhiteElo "2202"]
[BlackElo "2176"]
[Result "0-1"]
[Round "06"]
[TimeControl "180+2"]
[Date "2023.03.21"]
[WhiteClock "0:00:01"]
[BlackClock "0:00:09"]

1. g3 Nf6 2. Bg2 e5 3. c4 Nc6 4. a3 a5 5. Nc3 Bc5 6. e3 O-O 7. Nge2 Re8 8. O-O e4 9. d4 exd3 10. Nf4 Ne5 11. Nxd3 Nxd3 12. Qxd3 d6 13. Nd5 Nxd5 14. cxd5 a4 15. Bd2 Qf6 16. Bc3 Qg6 17. Qb5 Bf5 18. Qxb7 Reb8 19. Qxc7 Rc8 20. Qe7 Re8 21. Qh4 Bd3 22. Rfe1 Be4 23. Rad1 h6 24. Bd4 Bxg2 25. Kxg2 Re4 26. Qh3 Bxd4 27. Rxd4 Rxd4 28. exd4 Qd3 29. Qg4 Qd2 30. Re2 Qd3 31. Qe4 Qc4 32. h4 Rb8 33. g4 Qc1 34. f4 Rc8 35. g5 hxg5 36. hxg5 Qd1 37. f5 Rc1 38. Qe3 Qh1+ 39. Kg3 Rg1+ 40. Kf4 Qh4+ 41. Kf3 Rg3+ 42. Kf2 Qh2+ 43. Ke1 Qh1+ 44. Kd2 Rxe3 45. Kxe3 Qxd5 46. Rf2 Qb3+ 47. Ke4 Kf8 48. f6 gxf6 49. gxf6 Ke8 50. Rh2 Qe6+ 51. Kd3 Qxf6 0-1


[Site "https://www.chess.com"]